FIQ, chaotic male vampiric Wizard A@ A @ ----- @ A @ ...| @@ @ @ A @ ---------..-- ----- A |.......|...-- --..... A @ @@ |...L.A.|V@@.---....... A A |..@@.@.-%%A.a-......... A D AA & @ @ @ D |.......|a@a.---........ @ @ @ @ @ @ V@ A |.......|a.A-- --...A... A @ @@@ AA A ---------.a-- ----|--- A H a...| |.A.------ @@ V DA ----- |..%)..... A@ & @@ -------... @@ ... @ FIQ the Sorcerer Experience level: 21 Strength: 18/04 Dexterity: 14 Constitution: 20 Intelligence: 18 Wisdom: 22 Charisma: 14 Health: 283(351) Energy: 283(328) AC: -20 Gold: 0 Moves: 39924 Your Inventory: Amulets e - the blessed Eye of the Aethiopica n - a blessed amulet of life saving (being worn) Weapons a - the blessed rustproof +7 Magicbane (weapon in hand) Armor d - a blessed rustproof +4 helm of brilliance and warning (being worn) f - a blessed fireproof +3 pair of speed boots of clairvoyance and aggravation (being worn) i - a blessed very burnt +0 pair of leather gloves of speed (being worn) F - a blessed +4 chromatic dragon scale mail (being worn) P - a blessed +2 elven cloak of cold resistance (being worn) Scrolls y - 2 blessed scrolls of blank paper T - 4 uncursed scrolls of identify Spellbooks u - the blessed Book of the Dead Potions O - 3 blessed potions of full healing Rings A - a blessed ring of free action E - an uncursed ring of slow digestion (on left hand) H - a blessed +5 ring of increase damage (on right hand) Wands m - an uncursed wand of digging (0:5) p - an uncursed wand of teleportation (0:4) x - an uncursed wand of digging (0:4) D - an uncursed wand of death (0:3) K - an uncursed wand of death (0:2) L - an uncursed wand of teleportation (0:0) N - an uncursed wand of secret door detection (0:12) R - an uncursed wand of death (0:0) Tools b - a blessed bag of holding c - the uncursed Bell of Opening (0:2) h - a blessed +0 unicorn horn k - an uncursed skeleton key l - a blessed magic lamp (lit) s - a blessed stethoscope t - a blessed towel B - the blessed Candelabrum of Invocation (no candles attached) (0:0) J - an uncursed magic marker (1:28) X - the uncursed rustproof Master Key of Thievery Y - an uncursed magic marker (1:0) Gems g - an uncursed touchstone j - 5 uncursed diamonds q - 5 uncursed emeralds r - 2 uncursed jet stones G - 5 uncursed amethyst stones I - 2 uncursed turquoise stones M - an uncursed luckstone S - 4 cursed rubies Z - 5 uncursed sapphires Contents of the bag of holding: a cursed -2 helm of opposite alignment an uncursed +0 pair of water walking boots 2 uncursed scrolls labeled ANDOVA BEGARIN [of confuse monster] an uncursed scroll labeled AQUE BRAGH [of scare monster] an uncursed scroll labeled AQUE BRAGH [of scare monster] 3 blessed scrolls labeled ASHPD [of create monster] 13 uncursed scrolls labeled ASHPD [of create monster] 4 cursed scrolls labeled ASHPD [of create monster] 2 uncursed scrolls labeled DAIYEN FOOELS [of taming] 3 uncursed scrolls labeled VAS CORP BET MANI [of destroy armor] 4 uncursed scrolls of earth a cursed scroll of earth a blessed scroll of enchant armor 6 blessed scrolls of enchant weapon 3 uncursed scrolls of enchant weapon 2 uncursed scrolls of fire a cursed scroll of fire a blessed scroll of flood 2 uncursed scrolls of flood 2 uncursed scrolls of food detection a cursed scroll of food detection a blessed scroll of gold detection a blessed scroll of identify a blessed scroll of light 3 uncursed scrolls of light a cursed scroll of light an uncursed scroll of magic mapping a cursed scroll of punishment an uncursed scroll of remove curse an uncursed scroll of stinking cloud 2 blessed scrolls of teleportation a cursed scroll of teleportation a blessed diluted potion of full healing 3 uncursed indigo potions [of restore ability] a cursed indigo potion [of restore ability] a blessed potion of blood 3 uncursed potions of blood 3 cursed potions of blood 7 blessed potions of full healing an uncursed potion of full healing 3 uncursed potions of healing a cursed potion of healing 24 potions of holy water 2 uncursed potions of see invisible 2 potions of unholy water an uncursed potion of water a cursed jacinth ring [of polymorph] a cursed ring of conflict a cursed ring of invisibility an uncursed ring of polymorph control an uncursed ring of polymorph control an uncursed ring of slow digestion an uncursed crystal wand [of probing] (0:6) an uncursed marble wand [of make invisible] (0:7) an uncursed marble wand [of make invisible] (0:6) an uncursed marble wand [of make invisible] (0:6) an uncursed marble wand [of make invisible] (0:3) a cursed titanium wand [of sleep] (0:1) an uncursed wand of cold (0:8) an uncursed wand of cold (0:7) an uncursed wand of cold (0:6) an uncursed wand of cold (0:6) an uncursed wand of create monster (0:15) an uncursed wand of create monster (0:15) an uncursed wand of create monster (0:15) an uncursed wand of create monster (0:14) an uncursed wand of create monster (0:14) an uncursed wand of create monster (0:13) an uncursed wand of create monster (0:13) an uncursed wand of create monster (0:11) an uncursed wand of create monster (0:10) an uncursed wand of enlightenment (0:10) an uncursed wand of fire (0:7) an uncursed wand of fire (0:3) an uncursed wand of lightning (0:8) an uncursed wand of lightning (0:6) an uncursed wand of lightning (0:6) an uncursed wand of lightning (0:5) an uncursed wand of lightning (0:4) an uncursed wand of lightning (0:4) an uncursed wand of lightning (0:2) an uncursed wand of lightning (0:0) an uncursed wand of lightning (0:0) an uncursed wand of lightning (0:0) an uncursed wand of magic missile (0:2) an uncursed wand of polymorph (0:5) an uncursed wand of polymorph (0:4) an uncursed wand of secret door detection (0:14) an uncursed wand of secret door detection (0:11) an uncursed wand of secret door detection (0:11) an uncursed wand of striking (0:7) an uncursed wand of striking (0:5) an uncursed wand of teleportation (0:8) an uncursed wand of teleportation (0:8) an uncursed wand of teleportation (0:7) an uncursed wand of teleportation (0:6) an uncursed wand of teleportation (0:6) an uncursed wand of teleportation (0:5) an uncursed wand of teleportation (0:5) an uncursed wand of undead turning (0:4) a blessed magic lamp Spells known in the end: Name Level Category Fail Memory a - force bolt 1 attack 0% [|||||...] b - haste self 3! escape 0% [|.......] c - create monster 2 clerical 0% [|||||...] d - dig 5 matter 0% [|||||...] e - invisibility 4* escape 0% [........] f - fireball 4 attack 0% [|||||||.] g - cure sickness 3 healing 0% [|||||...] h - healing 1 healing 0% [|||||...] i - identify 3* divination 0% [........] j - light 1* divination 0% [........] k - slow monster 2* enchantment 0% [........] l - stone to flesh 3 healing 0% [||||....] m - magic missile 2 attack 0% [|||||...] n - detect monsters 1 divination 0% [|||||...] o - knock 1 matter 0% [|||.....] p - protection 1 clerical 0% [||||||||] q - detect unseen 3 divination 0% [||||....] r - remove curse 3 clerical 0% [||||....] s - turn undead 6 clerical 0% [||||....] t - detect treasure 4 divination 0% [||||....] u - detect food 2 divination 0% [|||||...] v - magic mapping 5 divination 0% [||||||..] w - jumping 1 escape 0% [||||....] x - drain life 2 attack 0% [|||||||.] y - confuse monster 2 enchantment 0% [|||||||.] z - polymorph 6 matter 0% [|||||||.] A - cancellation 7 matter 70% [|||||||.] Your skills at the end: Fighting Skills Weapon Skills dagger [Expert / Expert] quarterstaff [Basic / Expert] Spellcasting Skills attack spells [Skilled / Expert] healing spells [Basic / Skilled] divination spells [Skilled / Expert] enchantment spells [Basic / Skilled] clerical spells [Skilled / Skilled] escape spells [Basic / Expert] matter spells [Skilled / Expert] Final Attributes: You were piously aligned. Hunger level was 1369. Your alignment was 209 / 209. Monster difficulty range was 17 - 57. Level difficulty was 68. You were immune to fire. You were immune to cold. You were immune to sleep. You were immune to disintegration. You were immune to electricity. You were immune to poison. You were immune to level-drain. You were magic-protected. You were immune to acid. You were immune to petrification. You resisted physical damage. You resisted spell damage. You saw invisible. You were telepathic. You were warned. You were clairvoyant. You were sensing the presence of monsters. You were stealthy. You aggravated monsters. You could teleport. You had teleport control. You could fly. You could survive without air. You had a +5 damage bonus. You had slower digestion. You regenerated. You were protected. You were very fast. You had reflection. Your life would have been saved. You were extremely lucky (13). You had extra luck. Bad luck did not time out for you. Good luck did not time out for you. You survived. Vanquished creatures: Cthulhu (twice) Asmodeus Baalzebub Geryon Orcus Yeenoghu Juiblex The Wizard of Yendor (thrice) Death (twice) Vlad the Impaler 3 vorpal jabberwocks Medusa Croesus 11 krakens 3 iron golems 2 master liches 23 chromatic dragons 4 storm giants 2 titans 6 balrogs 3 purple worms 3 tatzelworms 6 sarkanies 6 drakens 2 leviathans 3 gold dragons a sirrush 6 amphiteres 3 wyverns 4 guivres 4 minotaurs 7 jabberwocks The Dark One 6 baluchitheria an Angel 9 demiliches 7 stone golems 17 Olog-hai a Nazgul 15 pit fiends a sandestin 8 hell hounds 5 titanotheres a trapper a baby sarkany a baby leviathan a baby wyvern a baby guivre a disenchanter 40 vampire lords 2 skeletons 4 aligned priests 2 captains 7 shades 14 liches a clay golem 11 nurses 5 ice devils 12 nalfeshnees 3 Aleaxes 2 frost giants 7 ettins a golden naga 12 black puddings 38 vampires 7 lieutenants 28 ghosts a queen bee 8 locusts 3 winged gargoyles a mind flayer 4 giant mimics 2 zruties 9 fire giants an ogre king 15 ice trolls 13 rock trolls 5 umber hulks 5 flesh golems 2 Elvenkings 2 doppelgangers 10 hezrous 9 bone devils 3 large mimics a fire vortex a baby long worm 3 long worms a couatl 9 stalkers 3 air elementals 6 fire elementals 6 earth elementals 11 water elementals 5 hill giants 2 giant mummies 2 black nagas 20 xorns 17 giant zombies 7 elf-lords 32 sergeants 13 barbed devils 7 vrocks a warg 2 winter wolves 2 hell hound pups 9 small mimics a glass piercer 3 rodents of unusual size 7 warhorses a steam vortex 9 xans 3 ettin mummies an ogre lord 4 quantum mechanics 21 trolls 3 sasquatches 6 wood golems 3 erinyes 4 mariliths 14 sharks 13 electric eels 3 giant turtles 4 gelatinous cubes 3 pyrolisks 3 large dogs 3 freezing spheres 5 flaming spheres 2 shocking spheres a large cat 9 tigers 4 gargoyles a dwarf king 24 tengu 8 ochre jellies 11 leocrottas an energy vortex 2 mountain centaurs 4 stone giants 2 elf mummies 2 human mummies a red naga 3 green slimes 7 pit vipers 4 pythons 3 cobras 46 wraiths 2 carnivorous apes 23 ettin zombies 2 leather golems 8 Grey-elves 92 soldiers 11 horned devils 2 succubi an incubus 2 chameleons 2 crocodiles 17 giant beetles 8 quivering blobs 4 cockatrices 23 wolves 4 lynxes 5 panthers 23 gremlins a spotted jelly 46 leprechauns 3 orc-captains 2 iron piercers 5 mumakil 18 giant spiders 2 scorpions 4 horses 2 ice vortices 4 black lights 57 vampire bats 3 forest centaurs 9 gnome kings 5 orc mummies 5 dwarf mummies an ogre 7 rust monsters 6 owlbears 2 yetis 2 gold golems 6 werewolves 4 Green-elves 3 piranhas 20 giant eels 15 lizards 6 apprentices 3 chickatrices 3 dogs 2 dingos 4 housecats 10 jaguars 6 dwarf lords 3 blue jellies 4 white unicorns a gray unicorn 6 dust vortices 29 ravens 11 plains centaurs 5 gnome mummies 3 snakes 8 water moccasins 7 apes 31 human zombies 2 rope golems 16 Woodland-elves 22 soldier ants 6 fire ants 4 snow ants 18 bugbears 3 imps 17 lemures 9 quasits 7 wood nymphs 8 water nymphs 8 mountain nymphs 18 Mordor orcs 12 Uruk-hai 4 orc shamans 7 rock piercers 6 rock moles 6 ponies 2 fog clouds 7 yellow lights 2 shriekers 6 violet fungi 29 gnome lords 8 gnomish wizards 7 kobold mummies a red naga hatchling a black naga hatchling 2 golden naga hatchlings 7 gray oozes 25 elf zombies 24 ghouls 3 straw golems 5 paper golems 4 wax golems 5 jellyfish 28 giant ants 10 floating eyes 2 kittens 27 dwarves 8 homunculi 10 kobold lords 2 kobold shamans 44 hill orcs 18 rothes 6 rabid rats 2 centipedes 8 giant bats 2 monkeys 21 orc zombies 24 dwarf zombies a wererat a werejackal 3 muggers 16 iguanas 49 killer bees 5 acid blobs 2 coyotes 7 gas spores 6 hobbits 10 manes 5 large kobolds 32 hobgoblins 5 giant rats 8 cave spiders a brown mold 2 yellow molds 3 green molds 2 red molds 94 gnomes 14 garter snakes 13 gnome zombies 14 geckos 12 jackals 2 foxes 6 kobolds 5 goblins 7 sewer rats 10 grid bugs 8 bats 5 lichens 26 kobold zombies 9 newts 2402 creatures vanquished. Genocided or extinct species: locusts mind flayers master mind flayers giant mimics vorpal jabberwocks master liches arch-liches soldiers (extinct) erinyes (extinct) 7 species genocided. 9 species extinct. Voluntary challenges: You used a wielded weapon 5967 times. You read items or engraved 96 times. You put on armor 125 times. You genocided 7 types of monsters. You polymorphed 12 items. You never changed form. You used 6 wishes. You used 5 wishes for magical items. You never wrote Elbereth's name. You encountered 1 bones level. You never used any Sokoban shortcuts. Dungeon overview: The Dungeons of Doom: levels 1 to 25 Level 1 some altars stairs to The Elemental Planes Level 2 a sink Level 3 (books) a general store stairs to The Gnomish Mines Level 5 a general store Level 8 some fountains Level 9 a temple, a fountain stairs to Sokoban Level 10 an altar to Anhur stairs to Town Level 11 an altar to Anhur, some fountains Level 13 an altar Level 15 a fountain, many trees Level 16 (chromatic dragon) Level 17 portal to Fort Ludios Level 19 a fountain Level 20 a potion shop, a fountain portal to One-eyed Sam's Market Level 25 a magic chest, a fountain Gehennom: levels 26 to 53 Level 26 a temple, a magic chest stairs to The Dungeons of Doom Level 31 a fountain Level 32 many fountains, a throne Level 34 stairs to Vlad's Tower Level 36 some altars, a magic chest, a fountain a long staircase Level 41 portal to Gehennom Level 45 (rings, wands) many trees Level 47 a magic chest Level 48 portal to Gehennom Level 53 a temple The Gnomish Mines: levels 4 to 11 The Quest: levels 1 to 6 Level 1 a magic chest portal to The Dungeons of Doom Level 6 a temple Sokoban: levels 6 to 8 Level 8 stairs to The Dungeons of Doom Town: levels 7 to 9 Level 7 some shops, some fountains, a sink Level 9 stairs to The Dungeons of Doom Fort Ludios: Level 1 a magic chest portal to The Dungeons of Doom One-eyed Sam's Market: Vlad's Tower: levels 30 to 33 Level 33 many trees stairs to Gehennom The Elemental Planes: Astral Plane <- You were here a temple to Anhur Plane of Air portal to The Elemental Planes Plane of Fire portal to The Elemental Planes Plane of Earth portal to The Elemental Planes Plane of Water portal to The Elemental Planes History has recorded: On T:1 you entered the Dungeons of Doom to retrieve the Amulet of Yendor! On T:415 you advanced to experience level 2. On T:500 you reached level 2 of The Dungeons of Doom. On T:711 you advanced to experience level 3. On T:833 you advanced to experience level 4. On T:976 you reached level 3 of The Dungeons of Doom. On T:1251 you advanced to experience level 5. On T:1545 you reached level 1 of The Gnomish Mines. On T:1617 you advanced to experience level 6. On T:2059 you reached level 2 of The Gnomish Mines. On T:2154 you advanced to experience level 7. On T:2200 you reached level 3 of The Gnomish Mines. On T:3482 you advanced to experience level 8. On T:4484 you reached level 4 of The Dungeons of Doom. On T:4818 you reached level 5 of The Dungeons of Doom. On T:6338 you advanced to experience level 9. On T:6529 you reached level 6 of The Dungeons of Doom. On T:6976 you reached level 7 of The Dungeons of Doom. On T:7566 you reached level 8 of The Dungeons of Doom. On T:8215 you reached level 9 of The Dungeons of Doom. On T:8309 you advanced to experience level 10. On T:8457 you reached level 3 of Sokoban. On T:8653 you reached level 2 of Sokoban. On T:9060 you reached level 1 of Sokoban. On T:10687 you reached level 10 of The Dungeons of Doom. On T:11171 you reached level 11 of The Dungeons of Doom. On T:11355 you wished for "blessed fixed master key of thievery". On T:11587 you reached level 12 of The Dungeons of Doom. On T:11619 you reached level 13 of The Dungeons of Doom. On T:11913 you advanced to experience level 11. On T:12342 you reached level 3 of Town. On T:12546 you reached level 2 of Town. On T:12559 you reached level 1 of Town. On T:13411 you reached level 4 of The Gnomish Mines. On T:13426 you reached level 5 of The Gnomish Mines. On T:13641 you reached level 6 of The Gnomish Mines. On T:13931 you reached level 7 of The Gnomish Mines. On T:14079 you reached level 8 of The Gnomish Mines. On T:16648 you advanced to experience level 12. On T:18301 you reached level 14 of The Dungeons of Doom. On T:18422 you reached level 1 of The Quest. On T:18871 you embarked upon an epic quest. On T:18909 you genocided all master mind flayers On T:18953 you reached level 2 of The Quest. On T:19322 you reached level 3 of The Quest. On T:19706 you reached level 4 of The Quest. On T:19763 you reached level 5 of The Quest. On T:20712 you reached level 6 of The Quest. On T:20852 you killed Dark One on level 6 of The Quest. On T:21109 you reached level 15 of The Dungeons of Doom. On T:21467 you reached level 16 of The Dungeons of Doom. On T:21824 you reached level 17 of The Dungeons of Doom. On T:22087 you advanced to experience level 13. On T:22581 you reached level 19 of The Dungeons of Doom. On T:22949 you reached level 20 of The Dungeons of Doom. On T:23122 you genocided all giant mimics On T:23340 you reached level 1 of One-eyed Sam's Market. On T:24284 you reached level 21 of The Dungeons of Doom. On T:24579 you reached level 22 of The Dungeons of Doom. On T:25212 you killed Medusa on level 22 of The Dungeons of Doom. On T:25226 you reached level 23 of The Dungeons of Doom. On T:25484 you reached level 24 of The Dungeons of Doom. On T:25974 you reached The Castle. On T:26700 you wished for "blessed fixed +3 magical helm of brilliance". On T:26703 you wished for "blessed fixed +3 magical helm of brilliance". On T:26717 you wished for "blessed fixed +3 magical speed boots". On T:26744 you reached The Valley of the Dead. On T:27127 you reached Fort Knox. On T:27383 you advanced to experience level 14. On T:28221 you killed Croesus in Fort Knox. On T:29142 you wished for "statue of a chromatic dragon". On T:30406 you reached level 2 of Gehennom. On T:31183 you received Magicbane from Anhur. On T:31578 you reached level 3 of Gehennom. On T:31698 you reached level 4 of Gehennom. On T:32146 you reached level 5 of Gehennom. On T:32421 you reached level 6 of Gehennom. On T:32434 you killed Juiblex on level 6 of Gehennom. On T:32643 you advanced to experience level 15. On T:32873 you reached level 7 of Gehennom. On T:33088 you reached level 8 of Gehennom. On T:33099 you killed Baalzebub on level 8 of Gehennom. On T:33114 you killed Asmodeus on level 8 of Gehennom. On T:33157 you genocided all mind flayers On T:33157 you genocided all arch-liches On T:33210 you genocided all master liches On T:33296 you reached level 9 of Gehennom. On T:33359 you reached level 4 of Vlad's Tower. On T:33534 you reached level 3 of Vlad's Tower. On T:33681 you reached level 2 of Vlad's Tower. On T:33826 you reached level 1 of Vlad's Tower. On T:33843 you killed Vlad the Impaler on level 1 of Vlad's Tower. On T:33886 you advanced to experience level 16. On T:33887 you advanced to experience level 17. On T:33888 you advanced to experience level 18. On T:33889 you advanced to experience level 19. On T:33890 you advanced to experience level 20. On T:34748 you reached level 10 of Gehennom. On T:34824 you reached level 11 of Gehennom. On T:35038 you killed Orcus on level 11 of Gehennom. On T:35094 you reached level 12 of Gehennom. On T:35131 you reached level 13 of Gehennom. On T:35164 you reached level 14 of Gehennom. On T:35278 you reached level 15 of Gehennom. On T:35362 you reached level 16 of Gehennom. On T:35404 you reached level 17 of Gehennom. On T:35413 you killed Yeenoghu on level 17 of Gehennom. On T:35494 you reached level 18 of Gehennom. On T:35607 you reached level 19 of Gehennom. On T:35646 you reached level 20 of Gehennom. On T:35689 you killed Geryon on level 20 of Gehennom. On T:35750 you reached level 21 of Gehennom. On T:35784 you genocided all vorpal jabberwocks On T:35796 you reached level 22 of Gehennom. On T:35884 you reached level 23 of Gehennom. On T:36055 you reached level 24 of Gehennom. On T:36295 you reached level 25 of Gehennom. On T:36372 you reached level 26 of Gehennom. On T:36408 you reached level 27 of Gehennom. On T:37278 you advanced to experience level 21. On T:37452 you killed Wizard of Yendor on level 14 of Gehennom. On T:37468 you performed the invocation. On T:37469 you reached level 28 of Gehennom. On T:37629 you killed Cthulhu on level 28 of Gehennom. On T:37652 you killed Cthulhu on level 28 of Gehennom. On T:37659 you gained the Amulet of Yendor! On T:38472 you genocided all locusts On T:39416 you reached the Plane of Water. On T:39445 you killed Wizard of Yendor on the Plane of Water. On T:39447 you killed Wizard of Yendor on the Plane of Water. On T:39623 you reached the Astral Plane. On T:39768 you wished for "blessed fixed glass orb". On T:39832 you reached the Plane of Fire. On T:39852 you reached the Plane of Air. On T:39883 you reached the Astral Plane. On T:39901 you killed Death on the Astral Plane. On T:39906 you killed Death on the Astral Plane. On T:39924 you lost the Amulet of Yendor. On T:39924 you offered the Amulet of Yendor to Anhur and ascended to the status of Demigod! Latest messages: The magic missile hits the priestess of Thoth! The Angel of Ptah wields a rustproof long sword! [HP+1=285] The priestess of Thoth wields a mace! The mace welds itself to the priestess of Thoth's hand! You hear a chugging sound. [HP+1=286] The demilich touches you! The demilich casts a spell at you! You feel as if you need some help. You feel a malignant aura surround the magic-absorbing blade. The priestess of Thoth swings her mace. The priestess of Thoth hits! The priestess of Thoth kicks! The priestess of Thoth casts a spell at you! You feel as if you need some help. You feel a malignant aura surround the magic-absorbing blade. [HP-12=274] [HP+9=283] There is an altar to Anhur (chaotic) here. You offer the Amulet of Yendor to Anhur... An invisible choir sings, and you are bathed in radiance... The voice of Anhur booms: "Congratulations, mortal!" "In return for thy service, I grant thee the gift of Immortality!" You ascend to the status of Demigod... Final status: Goodbye FIQ the Demigod... You went to your reward with 1170990 points, Magicbane (worth 3500 zorkmids and 8750 points) The Bell of Opening (worth 5000 zorkmids and 12500 points) The Eye of the Aethiopica (worth 4000 zorkmids and 10000 points) The Book of the Dead (worth 10000 zorkmids and 25000 points) The Candelabrum of Invocation (worth 5000 zorkmids and 12500 points) The Master Key of Thievery (worth 3500 zorkmids and 8750 points) 5 diamonds (worth 20000 zorkmids), 5 sapphires (worth 15000 zorkmids), 5 emeralds (worth 12500 zorkmids), 5 amethyst stones (worth 3000 zorkmids), 4 rubies (worth 14000 zorkmids), 2 turquoise stones (worth 4000 zorkmids), 2 jet stones (worth 1700 zorkmids), 1 amulet of life saving (worth 150 zorkmids), and 0 pieces of gold, after 39924 moves. You were level 21 with a maximum of 351 hit points when you ascended.